 Dungeon Crawl Stone Soup version 0.30.1-4-g462c640d31 (webtiles) character file.

Game seed: 1075523959297131982

7033 croobank the Covert (level 11, -4/74 HPs)
             Began as an Octopode Delver on Aug 15, 2023.
             Was a Believer of Vehumet.
             Slain by a hornet (7 damage)
             ... while paralysed by a hornet
             ... on level 10 of the Dungeon.
             The game lasted 00:57:53 (11324 turns).

croobank the Covert (Octopode Delver)              Turns: 11324, Time: 00:57:54

Health: -4/74      AC:  3    Str: 11    XL:     11   Next: 8%
Magic:  12/19      EV:  2    Int: 17    God:    Vehumet [**....]
Gold:   169        SH:  0    Dex: 14    Spells: 13/21 levels left

rFire   . . .        a - +3 dagger (vamp)
rCold   . . .        (no shield)
rNeg    . . .        c - +2 hat
rPois   .            (no amulet)
rElec   .            l - ring of wizardry
rCorr   .            A - ring of flight
SInv    .            (no ring)
Will    .....        (no ring)
Stlth   +++++        (no ring)
HPRegen 0.32/turn    (no ring)
MPRegen 0.16/turn    (no ring)
                     (no ring)

%: wizardry (x1)
@: paralysed, lethally poisoned (-4 -> -14), about to teleport, flying, slowed
A: almost no armour, amphibious, 8 rings, camouflage 1, gelatinous body 1,
(nimble swimmer 1), tentacles
a: Renounce Religion


You were on level 10 of the Dungeon.
You worshipped Vehumet.
Vehumet was pleased with you.
You visited 2 branches of the dungeon, and saw 11 of its levels.

You collected 528 gold pieces.
You spent 359 gold pieces at shops.

Inventory:

Hand Weapons
 a - a +3 vampiric dagger (weapon)
 i - a +1 dagger of freezing
 k - a +2 flail of protection
 s - a +3 whip of venom
 u - a +1 hand axe of flaming
 v - a +4 long sword of protection
 y - a +0 short sword of freezing
 z - a +0 shortbow
Missiles
 e - 12 poisoned darts
 r - 3 silver boomerangs
 B - 6 javelins (quivered)
Armour
 b - a +6 chain mail of ponderousness
 c - a +2 hat (worn)
Magical Staves
 j - a staff of conjuration
Jewellery
 l - a ring of wizardry (left tentacle)
 A - a ring of flight (right tentacle)
Wands
 f - a wand of digging (6)
 g - a wand of flame (24)
 w - a wand of iceblast (11)
Scrolls
 t - 3 scrolls of enchant armour
 x - a scroll of magic mapping
 C - a scroll of torment
 E - a scroll of fog
Potions
 d - a potion of cancellation
 h - a potion of haste
 m - 3 potions of resistance
 n - a potion of flight
 o - 3 potions of lignification
 p - a potion of mutation
 D - a potion of magic


   Skills:
 + Level 6.4 Fighting
 + Level 6.0 Short Blades
 + Level 6.2 Dodging
 + Level 10.5 Stealth
 + Level 5.5 Spellcasting
 + Level 6.1 Conjurations
 + Level 3.9 Hexes
 * Level 3.2 Translocations
 + Level 6.0 Fire Magic


You had 13 spell levels left.
You knew the following spells:

 Your Spells              Type           Power      Damage    Failure   Level
a - Foxfire               Conj/Fire      100%       2x1d9     1%          1
b - Inner Flame           Hex/Fire       21%        N/A       2%          3
c - Blink                 Tloc           30%        N/A       2%          2
d - Static Discharge      Conj/Air       30%        2-4/arc   2%          2

Your spell library contained the following spells:

 Spells                   Type           Power      Damage    Failure   Level
 Magic Dart               Conj           100%       1d8       1%          1
 Momentum Strike          Conj/Tloc      40%        3d9       1%          2
 Lesser Beckoning         Tloc           30%        N/A       2%          2
 Gell's Gravitas          Tloc           15%        N/A       4%          3
 Teleport Other           Tloc           15%        N/A       4%          3
 Flame Wave               Conj/Fire      25%        2d8       4%          4
 Sticky Flame             Conj/Fire      25%        2d5       4%          4
 Mephitic Cloud           Conj/Pois/Air  11%        N/A       7%          3
 Call Imp                 Summ           8%         N/A       9%          2
 Fireball                 Conj/Fire      12%        3d7       12%         5
 Passage of Golubria      Tloc           15%        N/A       16%         4
 Silence                  Hex/Air        5%         N/A       52%         5
 Starburst                Conj/Fire      12%        6d5       52%         6
 Dispersal                Tloc           7%         N/A       89%         6
 Plasma Beam              Fire/Air       7%         2x1d19    91%         6
 Lehudib's Crystal Spear  Conj/Erth      7%         10d3      100%        8


Dungeon Overview and Level Annotations

Branches:
Dungeon (10/15)            Temple (1/1) D:5
   Lair: D:8-11         Orc: D:9-12

Altars:
Ashenzari
Cheibriados
Dithmenos
Elyvilon
Fedhas
Gozag
Hepliaklqana
Kikubaaqudgha
Nemelex Xobeh
Okawaru
Qazlal
Ru
Sif Muna
Trog
Uskayaw
Vehumet
Wu Jian
Xom
Zin
The Shining One

Shops:
D:3 *([!   D:4 :   D:9 *

Annotations:
D:10 Sonja


Innate Abilities, Weirdness & Mutations

You cannot wear most types of armour.
You are amphibious.
You can wear up to eight rings at the same time.
Your skin changes colour to match your surroundings (Stealth+).
Your rubbery body absorbs attacks. (AC +1, EV +1)
((You are camouflaged when in or above water. (Stealth+)))
You have tentacles for arms and can constrict up to eight enemies at once.


Message History

The orc wizard is moderately wounded.
Sonja is struck by an arc of lightning.
Sonja is lightly wounded.
The hornet is struck by an arc of lightning.
The hornet is heavily wounded.
The lightning grounds out.
You feel very sick. The hornet misses you. The orc wizard misses you.
The orc closely misses you. The orc wizard barely misses you.
The hornet closely misses you. The orc wizard misses you.
The orc wizard closely misses you. The orc barely misses you.
Casting: Static Discharge (safe; 2% risk of failure)
Confirm with . or Enter, or press ? or * to list all spells.
The orc wizard is struck by an arc of lightning.
The orc wizard is heavily wounded.
Sonja is struck by an arc of lightning.
Sonja is moderately wounded.
The lightning grounds out.
Your surroundings seem slightly different.
You feel very sick. The hornet closely misses you.
Okay, then.
Okay, then.
As you read the scroll of teleportation, it crumbles to dust.
You feel strangely unstable.
You feel very sick. The hornet stings you!
* * * LOW HITPOINT WARNING * * *
You are more poisoned.
You suddenly lose the ability to move!
The orc wizard points at you and mumbles some strange words.
The puff of flame hits you.
* * * LOW HITPOINT WARNING * * *
The hornet stings you!
* * * LOW HITPOINT WARNING * * *
You shrug off the repeated paralysis!
* * * LOW HITPOINT WARNING * * *
You feel very sick. The hornet stings you!
You die...

.##.........
#...........
#...........
#...........
##...........
.######............
#.#....#...........
.......#..o@..[...#
#.....#.oKy......#
##........o.....## .
###..........#..###
#. ##...........#...#
..##.#.......#...####
...#.........##.##
.............#.#.#
................##


You could see a hornet, Sonja, 2 orc wizards and an orc.

Vanquished Creatures
  2 two-headed ogres
  Maurice (D:9)
  Psyche (D:9)
  Prince Ribbit (D:7)
  Grinder (D:6)
  A vampire (D:9)
  2 wyverns
  3 yaks (D:8)
  3 water moccasins
  An ice beast (D:5)
  A black bear (D:5)
  3 orc warriors
  4 ogres
  3 centaurs
  5 bullfrogs
  3 gnoll sergeants
  2 scorpions
  3 wights (D:9)
  Dowan (D:6)
  18 killer bees
  2 howler monkeys
  An electric eel (D:9)
  7 hounds
  A jelly (D:5)
  3 orc priests
  2 sleepcaps
  Jessica (D:3)
  Ijyb (D:5)
  6 orc wizards
  11 gnolls
  6 adders
  A shadow imp (D:7)
  A white imp (D:8)
  An ufetubus (D:6)
  A worm (D:2)
  3 dart slugs
  33 orcs
  12 endoplasms
  2 giant cockroaches
  5 goblins
  6 hobgoblins
  7 jackals (D:5)
  4 quokkas
  9 ball pythons
  4 bats
  2 frilled lizards
  9 kobolds
  3 rats
203 creatures vanquished.

Vanquished Creatures (collateral kills)
  Duvessa (D:6)
1 creature vanquished.

Vanquished Creatures (others)
  A killer bee (D:9)
  A hound (D:5)
  32 foxfires
34 creatures vanquished.

Grand Total: 238 creatures vanquished

Notes
Turn   | Place    | Note
-------+----------+-------------------------------------------
     0 | D:5      | croobank the Octopode Delver began the quest for the Orb.
     0 | D:5      | Reached XP level 1. HP: 16/16 MP: 1/1
     1 | D:6      | Noticed an ice beast
    58 | D:5      | Noticed a black bear
    59 | D:5      | Noticed a hound
    73 | D:5      | Noticed an orc wizard
    90 | D:5      | Noticed a jelly
    96 | D:5      | Noticed a hound
   120 | D:4      | Noticed an ogre
   125 | D:4      | Noticed an orc wizard
   253 | D:4      | Reached XP level 2. HP: 21/21 MP: 2/2
   414 | D:3      | Found Lyneha Axett's Antique Armour Boutique.
   443 | D:2      | Found a faded altar of an unknown god.
   519 | D:2      | Reached XP level 3. HP: 26/26 MP: 3/3
   594 | D:2      | Reached skill level 7 in Stealth
   937 | D:2      | Reached XP level 4. HP: 30/31 MP: 4/4
  2324 | D:3      | Found Miul's General Store.
  2328 | D:3      | Learned a level 1 spell: Foxfire
  2660 | D:3      | Noticed Jessica
  2663 | D:3      | Killed Jessica
  2664 | D:3      | Reached XP level 5. HP: 37/37 MP: 5/5
  2681 | D:3      | Found Keodozoc's Distillery.
  2681 | D:3      | Found Hootooz's Weapon Emporium.
  2881 | D:4      | Killed an ogre
  2882 | D:4      | Reached skill level 1 in Spellcasting
  2882 | D:4      | Reached skill level 1 in Conjurations
  2882 | D:4      | Reached skill level 1 in Fire Magic
  2929 | D:4      | Found Oru Fen's Vocational Training.
  3042 | D:4      | Reached XP level 6. HP: 30/43 MP: 7/7
  3458 | D:5      | Reached XP level 7. HP: 37/48 MP: 8/10
  3786 | D:5      | Reached skill level 8 in Stealth
  3861 | D:5      | Noticed Ijyb
  3867 | D:5      | Killed Ijyb
  3892 | D:5      | Reached XP level 8. HP: 20/54 MP: 12/12
  4277 | D:5      | Found a staircase to the Ecumenical Temple.
  4286 | Temple   | Entered the Ecumenical Temple
  4399 | Temple   | Became a worshipper of Vehumet
  4477 | D:5      | Learned a level 3 spell: Inner Flame
  4815 | D:6      | Noticed Grinder
  4822 | D:6      | Killed Grinder
  5564 | D:6      | Noticed Duvessa
  5565 | D:6      | Noticed Dowan
  5808 | D:6      | Killed Duvessa
  5809 | D:6      | Reached XP level 9. HP: 10/60 MP: 14/14
  6011 | D:6      | Killed Dowan
  6240 | D:6      | Reached skill level 5 in Fighting
  6938 | D:7      | Reached skill level 9 in Stealth
  6938 | D:7      | Reached skill level 1 in Hexes
  7577 | D:7      | Noticed Prince Ribbit
  7587 | D:7      | Killed Prince Ribbit
  8033 | D:7      | Reached skill level 5 in Dodging
  8084 | D:7      | Reached skill level 5 in Conjurations
  8084 | D:7      | Reached skill level 5 in Fire Magic
  8123 | D:8      | Reached skill level 5 in Short Blades
  8150 | D:8      | Reached * piety under Vehumet
  8150 | D:8      | Offered knowledge of Freeze by Vehumet.
  8322 | D:8      | Found a shimmering blue altar of Sif Muna.
  8370 | D:8      | Found an iron altar of Okawaru.
  8475 | D:8      | Reached XP level 10. HP: 64/68 MP: 17/17
  9131 | D:9      | Noticed Psyche
  9133 | D:9      | Reached skill level 5 in Spellcasting
  9139 | D:9      | Killed Psyche
  9280 | D:9      | Learned a level 2 spell: Blink
  9376 | D:9      | Offered knowledge of Static Discharge by Vehumet.
  9385 | D:9      | Reached skill level 10 in Stealth
  9416 | D:9      | Learned a level 2 spell: Static Discharge
  9423 | D:9      | Noticed Maurice
  9572 | D:9      | Killed Maurice
  9573 | D:9      | Reached skill level 1 in Translocations
  9581 | D:9      | Reached ** piety under Vehumet
  9641 | D:9      | Noticed a two-headed ogre
  9859 | D:9      | Killed a two-headed ogre
  9934 | D:9      | Found a blossoming altar of Fedhas.
 10000 | D:9      | Found a shimmering altar of Xom.
 10001 | D:9      | Found a hide-covered altar of Uskayaw.
 10229 | D:9      | Found Vycoc's General Store.
 10434 | D:9      | Found a sparkling altar of Nemelex Xobeh.
 10876 | D:9      | Found an ancient bone altar of Kikubaaqudgha.
 11142 | D:9      | Bought a scroll of teleportation for 45 gold pieces
 11142 | D:9      | Bought a +6 chain mail of ponderousness for 172 gold pieces
 11142 | D:9      | Bought a scroll of brand weapon for 142 gold pieces
 11187 | D:10     | Entered Level 10 of the Dungeon
 11187 | D:10     | Noticed a two-headed ogre
 11192 | D:10     | Killed a two-headed ogre
 11193 | D:10     | Reached XP level 11. HP: 74/74 MP: 19/19
 11318 | D:10     | Noticed Sonja
 11323 | D:10     | Paralysed by a hornet for 3 turns
 11324 | D:10     | HP: 3/74 [poisoned by a hornet]
 11324 | D:10     | Slain by a hornet

Illustrated notes

Levels and vault maps discovered:
D:1:      kennysheep_arrival_forest, layout_loops_corners, serial_forest,
          infiniplex_forest_clump_diagonal, infiniplex_forest_clump_large,
          infiniplex_forest_straight_1, infiniplex_forest_zigzag_1
D:2:      minmay_chambers_of_ones, layout_rooms,
          hellmonk_ecumenical_altar_crossroads
D:3:      layout_basic, serial_shops, shop, nicolae_shop_tiny_waterfront,
          nicolae_shop_stone, nicolae_shop_hallway_plus,
          minmay_misc_feat_plants, uniq_jessica
D:4:      layout_rooms, nicolae_shop_vocational
D:5:      layout_basic, lemuel_temple_firewalk_b, cheibrodos_gnoll_hut,
          uniq_ijyb
D:6:      layout_layer_cave, uniq_duvessa, uniq_grinder
D:7:      layout_loops_ring, uniq_prince_ribbit1
D:8:      layout_basic, mainiacjoe_overflow_concentric_impassable,
          okawaru_trees_2
D:9:      layout_stronghold, kiku_gazebo_garden_becter,
          mainiacjoe_overflow_paths, lemuel_crystal_altar,
          nicolae_overflow_two_pavilions, serial_column_ruins, column_ruins_hut,
          column_ruins_grid_1, column_ruins_open_tiny, column_ruins_open_large,
          serial_shops, nicolae_shop_tiny_real_fake_doors, uniq_maurice,
          uniq_psyche
D:10:     layout_big_octagon, chequers_temple_overflow_statue_of_worship,
          uniq_sonja
Temple:   dshaligram_water_room_temple

Skill      XL: |  1  2  3  4  5  6  7  8  9 10 |
---------------+-------------------------------+-----
Stealth        | 7 8 9 10 | 10.5
Dodging        | 3 4 5 6 |  6.2
Short Blades   | 3 4 5 6 |  6.0
Spellcasting   | 1 2 3 4 5 |  5.5
Conjurations   | 1 2 3 4 5 6 |  6.1
Fire Magic     | 1 2 3 4 5 6 |  6.0
Fighting       | 4 5 6 |  6.4
Hexes          | 2 3 |  3.9
Translocations | 3 |  3.2

Action                     |  1- 3 |  4- 6 |  7- 9 | 10-12 || total
---------------------------+-------+-------+-------+-------++-------
  Melee: Short sword       |    18 |       |       |       ||    18
         Tentacles         |     6 |    20 |    96 |    35 ||   157
         Constrict         |    10 |    20 |    46 |    21 ||    97
         Dagger            |    47 |    99 |   295 |   137 ||   578
         Staff             |       |     4 |       |       ||     4
         Punch             |       |       |     6 |     1 ||     7
   Fire: Shortbow          |       |       |     3 |       ||     3
  Throw: Dart              |       |     4 |     8 |       ||    12
         Javelin           |       |       |    12 |    12 ||    24
   Cast: Foxfire           |       |       |    15 |     2 ||    17
         Static Discharge  |       |       |       |    12 ||    12
         Blink             |       |       |       |     1 ||     1
  Evoke: Wand              |     1 |     5 |     3 |    16 ||    25
    Use: Scroll            |     4 |     4 |    10 |     8 ||    26
         Potion            |     1 |       |    10 |     2 ||    13
   Stab: Sleeping          |    13 |    20 |    13 |     4 ||    50
         Distracted        |       |       |     1 |     1 ||     2
 Armour: Skin              |     6 |    16 |    56 |    21 ||    99
  Dodge: Dodged            |    25 |    39 |   194 |   110 ||   368
